 Dungeon Sprint DCSS version 0.18.1-47-g9310371 (webtiles) character file.

9816 rftp080 the Destroyer (level 11, -3/72 HPs)
             Began as a Gargoyle Air Elementalist on June 23, 2016.
             Was the Champion of Sif Muna.
             Slain by an orc warrior
             ... wielding a +0 long sword
              (26 damage)
             ... in the Dungeon (Sprint IX: "|||||||||||||||||||||||||||||").
             The game lasted 00:10:00 (1454 turns).

rftp080 the Destroyer (Gargoyle Air Elementalist)   Turns: 1454, Time: 00:10:01

Health: -3/72      AC: 32    Str: 16    XL:     11   Next: 52%
Magic:  7/23       EV: 10    Int: 26    God:    Sif Muna [******]
Gold:   660        SH:  0    Dex: 10    Spells: 6 memorised, 9 levels left

rFire  . . .     SeeInvis .     n - +2 halberd "Miaciwk" {chop, rElec Int+5}
rCold  . . .     Gourm    .     p - +1 chain mail
rNeg   + . .     Faith    .     (shield currently unavailable)
rPois  ∞         Spirit   .     d - +2 hat {Int+3}
rElec  +         Dismiss  .     C - +0 cloak
rCorr  .         Reflect  .     B - +0 pair of gloves
SustAt .         Harm     .     o - +2 pair of boots
MR     .....     NoTele   +     (no amulet)
Stlth  ..........               r - +2 ring of protection
                                q - +3 ring of strength

@: repel missiles, not resistant to hostile enchantments, extremely unstealthy
A: negative energy resistance 1, electricity resistance, unbreathing,
petrification resistance, rot immunity, AC +7
a: Channel Energy, Forget Spell, Renounce Religion


You were in the Dungeon.
You worshipped Sif Muna.
Sif Muna was exalted by your worship.
You were very hungry.

You visited 1 branch You collected 660 gold pieces.

Inventory:

Hand Weapons
 n - the +2 halberd "Miaciwk" (weapon) {chop, rElec Int+5}
   (You found it in the Dungeon)

   It inflicts extra damage upon your enemies.
   It affects your intelligence (+5).
   It insulates you from electricity.
 u - a +0 rapier of draining
Armour
 a - a +0 robe
 d - a +2 hat of intelligence (worn)
 o - a +2 pair of boots (worn)
 p - a +1 chain mail (worn)
 y - a +0 helmet
 B - a +0 pair of gloves (worn)
 C - a +0 cloak (worn)
Magical Staves
 m - an uncursed staff of energy
Jewellery
 q - a +3 ring of strength (left hand)
 r - a +2 ring of protection (right hand)
Wands
 l - a wand of acid (3/15)
Scrolls
 i - a scroll of silence
 j - 6 scrolls of remove curse
 k - 2 scrolls of amnesia
 t - 2 scrolls of identify
 v - a scroll of fear
 w - 2 scrolls of enchant weapon
 x - a scroll of fog
Potions
 e - 6 potions of heal wounds
 f - 2 potions of agility
 g - 3 potions of magic
 h - 5 potions of curing
 s - a potion of cure mutation
Books
 b - a book of Air

   Spells                             Type                      Level
   a - Shock                          Conjuration/Air              1
   b - Swiftness                      Charms/Air                   2
   c - Repel Missiles                 Charms/Air                   2
   d - Static Discharge               Conjuration/Air              3
   e - Lightning Bolt                 Conjuration/Air              5
 D - Sif Muna's Almanac of Destructive Earth
   (Sif Muna gifted it to you in the Dungeon)

   Spells                             Type                      Level
   a - Magic Dart                     Conjuration                  1
   b - Flame Tongue                   Conjuration/Fire             1
   c - Searing Ray                    Conjuration                  2
   d - Throw Frost                    Conjuration/Ice              2
   e - Force Lance                    Conjuration/Translocation    4
   f - Throw Icicle                   Conjuration/Ice              4
   g - Iskenderun's Battlesphere      Conjuration/Charms           5
   h - Conjure Ball Lightning         Conjuration/Air              6
Comestibles
 c - 12 bread rations
 z - 40 fruits
 A - 12 meat rations
 E - a chunk of flesh


   Skills:
 + Level 10.1 Fighting
 * Level 13.6 Armour
 + Level 7.9 Dodging
 - Level 2.1 Stealth
 + Level 8.6 Spellcasting
 * Level 13.6 Conjurations
 + Level 8.3 Air Magic
 * Level 12.8 Invocations


You had 9 spell levels left.
You knew the following spells:

 Your Spells              Type           Power        Failure   Level  Hunger
a - Shock                 Conj/Air       ####         1%          1    None
b - Lightning Bolt        Conj/Air       ######....   14%         5    ####...
c - Repel Missiles        Chrm/Air       ####..       14%         2    None
d - Swiftness             Chrm/Air       ####....     14%         2    None
e - Throw Icicle          Conj/Ice       #####...     34%         4    ##.....
f - Force Lance           Conj/Tloc      #####...     34%         4    ##.....


Dungeon Overview and Level Annotations

Branches:
Dungeon (1/1)

Altars:
Cheibriados
Dithmenos
Elyvilon
Fedhas
Gozag
Kikubaaqudgha
Makhleb
Nemelex Xobeh
Okawaru
Pakellas
Qazlal
Ru
Sif Muna
Trog
Vehumet
Xom
Yredelemnul
Zin
The Shining One
Beogh
Jiyva
Lugonu


Innate Abilities, Weirdness & Mutations

You are resistant to torment.
Your stone body is resilient (AC +7).
You are immune to poison.
You resist negative energy.
You are resistant to electric shocks.
You can survive without breathing.
You are immune to petrification.
You are immune to rotting.


Message History

Casting: Lightning Bolt
Confirm with . or Enter, or press ? or * to list all spells.
Aiming: Lightning Bolt
Press: ? - help, Shift-Dir - straight line, f/p - orc warrior
Aim: an orc warrior, wielding a long sword and wearing a plate armour (unusually strong)
You hear a mighty clap of thunder!
The bolt of lightning misses the orc warrior.
The orc warrior hits you with a long sword.
* * * LOW HITPOINT WARNING * * *
Unknown command.
Drink which item? (? for menu, Esc to quit)
You feel better.
You channel some magical energy.
You are starving!
The orc warrior hits you with a long sword.
Eat one of 2 chunks of flesh? (ye/n/q/i?) This raw flesh tastes terrible.
You are feeling very hungry.
The orc warrior hits you with a long sword!!
You die...

†)†...'______________________'...
▓▓▓▓▓▓▓▓▓▓▓▓▓▓▓▓▓▓▓▓▓▓▓▓▓▓▓▓▓▓▓▓▓
.................................
▓▓▓▓▓▓▓▓▓▓▓▓▓▓▓▓▓▓▓▓▓▓▓▓▓▓▓▓▓▓▓▓▓
...........÷†.†††....'†........†.
▓▓▓▓▓▓▓▓▓▓▓▓▓▓▓▓▓▓▓▓▓▓▓▓▓▓▓▓▓▓▓▓▓
........................)........
▓▓▓▓▓▓▓▓▓▓▓▓▓▓▓▓▓▓▓▓▓▓▓▓▓▓▓▓▓▓▓▓▓
...)))))))......@o)))))$
▓▓▓▓▓▓▓▓▓▓▓▓▓▓▓▓▓▓▓▓▓▓▓▓


You could see an orc warrior.

Vanquished Creatures
  Gastronok (D)
  Josephine (D)
  A hydra (D)
  A hill giant (D)
  2 orc knights (D)
  An orc sorcerer (D)
  A kobold demonologist (D)
  A komodo dragon (D)
  A troll (D)
  A slime creature (D)
  A blink frog (D)
  3 wraiths (D)
  A shadow (D)
  A yak (D)
  2 hippogriffs (D)
  4 wargs (D)
  3 water moccasins (D)
  2 hell hounds (D)
  3 porcupines (D)
  9 orc warriors (D)
  A wasp (D)
  An ice beast (D)
  3 wolves (D)
  A phantom (D)
  A centaur (D)
  A crocodile (D)
  A giant frog (D)
  A scorpion (D)
  A quasit (D)
  4 orc priests (D)
  2 orc wizards (D)
  An iguana (D)
  A worker ant (D)
  A sheep (D)
  2 river rats (D)
  A giant gecko (D)
  6 orcs (D)
  A bat skeleton (D)
  A goblin (D)
  A quokka (D)
  A bat (D)
  A giant newt (D)
  A kobold (D)
  2 rats (D)
77 creatures vanquished.

Notes
Turn   | Place    | Note
--------------------------------------------------------------
     0 | D        | rftp080 the Gargoyle Air Elementalist began the quest for the Orb.
     0 | D        | Reached XP level 1. HP: 10/10 MP: 3/3
     4 | D        | Reached skill level 1 in Armour
    42 | D        | Noticed a centaur
    42 | D        | Noticed a scorpion
    44 | D        | Reached skill level 1 in Fighting
    45 | D        | Reached XP level 2. HP: 12/16 MP: 0/5
    53 | D        | Killed a centaur
    53 | D        | Reached XP level 3. HP: 17/22 MP: 0/7
    53 | D        | Reached XP level 4. HP: 21/27 MP: 0/8
    58 | D        | Reached skill level 5 in Armour
    58 | D        | Reached skill level 5 in Conjurations
    58 | D        | Reached XP level 5. HP: 21/32 MP: 1/10
    66 | D        | Found a glowing silver altar of Zin.
    66 | D        | Found a glowing golden altar of the Shining One.
    66 | D        | Found an ancient bone altar of Kikubaaqudgha.
    66 | D        | Found a basalt altar of Yredelemnul.
    66 | D        | Found a shimmering altar of Xom.
    66 | D        | Found a radiant altar of Vehumet.
    67 | D        | Found an iron altar of Okawaru.
    68 | D        | Found a burning altar of Makhleb.
    69 | D        | Found a deep blue altar of Sif Muna.
    70 | D        | Found a bloodstained altar of Trog.
    71 | D        | Found a sparkling altar of Nemelex Xobeh.
    72 | D        | Found a white marble altar of Elyvilon.
    73 | D        | Found a roughly hewn altar of Beogh.
    74 | D        | Found a viscous altar of Jiyva.
    75 | D        | Found a corrupted altar of Lugonu.
    76 | D        | Found a blossoming altar of Fedhas.
    77 | D        | Became a worshipper of Sif Muna the Loreminder
    78 | D        | Found a snail-covered altar of Cheibriados.
    79 | D        | Found a shadowy altar of Dithmenos.
    80 | D        | Found a stormy altar of Qazlal.
    81 | D        | Found an opulent altar of Gozag.
    82 | D        | Found a sacrificial altar of Ru.
    83 | D        | Found an oddly glowing altar of Pakellas.
   101 | D        | Got the +2 halberd "Miaciwk" {chop, rElec Int+5}
   230 | D        | Noticed a troll
   230 | D        | Noticed an ice beast
   230 | D        | Noticed a wasp
   238 | D        | Killed a wasp
   238 | D        | Reached XP level 6. HP: 29/38 MP: 3/12
   241 | D        | Reached * piety under Sif Muna
   245 | D        | Killed an ice beast
   246 | D        | Killed a troll
   246 | D        | Reached ** piety under Sif Muna
   246 | D        | Reached skill level 5 in Fighting
   246 | D        | Reached skill level 5 in Spellcasting
   246 | D        | Reached skill level 5 in Invocations
   246 | D        | Reached XP level 7. HP: 33/44 MP: 10/14
   262 | D        | Learned a level 5 spell: Lightning Bolt
   265 | D        | Learned a level 2 spell: Repel Missiles
   268 | D        | Learned a level 2 spell: Swiftness
   269 | D        | Noticed a shadow
   269 | D        | Noticed a kobold demonologist
   269 | D        | Noticed a hill giant
   269 | D        | Noticed a slime creature
   269 | D        | Noticed a yak
   274 | D        | Killed a shadow
   274 | D        | Reached skill level 5 in Air Magic
   275 | D        | Noticed a red devil
   278 | D        | Killed a yak
   278 | D        | Reached XP level 8. HP: 44/51 MP: 4/16
   280 | D        | Killed a kobold demonologist
   280 | D        | Reached *** piety under Sif Muna
   280 | D        | Reached skill level 5 in Dodging
   282 | D        | Killed a slime creature
   291 | D        | Killed a hill giant
   291 | D        | Reached **** piety under Sif Muna
   291 | D        | Reached skill level 10 in Armour
   291 | D        | Reached skill level 10 in Conjurations
   291 | D        | Reached XP level 9. HP: 13/57 MP: 1/18
   528 | D        | Noticed a komodo dragon
   544 | D        | Killed a komodo dragon
   544 | D        | Reached ***** piety under Sif Muna
   681 | D        | Reached skill level 10 in Invocations
   684 | D        | Reached XP level 10. HP: 64/64 MP: 9/20
   689 | D        | Noticed an eight-headed hydra
   705 | D        | Killed an eight-headed hydra
  1090 | D        | Noticed Josephine
  1111 | D        | Killed Josephine
  1111 | D        | Reached ****** piety under Sif Muna
  1111 | D        | Received a gift from Sif Muna
  1114 | D        | Identified Sif Muna's Almanac of Destructive Earth (Sif Muna gifted it to you in the Dungeon)
  1120 | D        | Learned a level 4 spell: Throw Icicle
  1125 | D        | Learned a level 4 spell: Force Lance
  1143 | D        | Noticed Gastronok
  1156 | D        | Killed Gastronok
  1156 | D        | Reached XP level 11. HP: 47/71 MP: 5/23
  1202 | D        | Noticed an orc knight
  1223 | D        | Noticed an orc sorcerer
  1225 | D        | Killed an orc knight
  1225 | D        | Killed an orc sorcerer
  1425 | D        | Reached skill level 10 in Fighting
  1428 | D        | Noticed an orc knight
  1447 | D        | Killed an orc knight
  1454 | D        | Slain by an orc warrior

Skill      XL: |  1  2  3  4  5  6  7  8  9 10 11 |
---------------+----------------------------------+-----
Armour         | 1 4 5 6 7 8 10 11 13 | 13.6
Conjurations   | 2 4 5 6 8 9 10 11 13 | 13.6
Fighting       | 1 2 3 4 5 6 7 8 9 10 | 10.1
Dodging        | 2 3 4 5 6 7 |  7.9
Spellcasting   | 3 4 5 6 7 8 |  8.6
Air Magic      | 3 4 5 6 7 8 |  8.3
Invocations    | 2 5 6 8 10 12 | 12.8
Stealth        | |  2.1

Action                   |  1- 3 |  4- 6 |  7- 9 | 10-12 || total
-------------------------+-------+-------+-------+-------++-------
Melee: Unarmed           |     5 |     5 |       |       ||    10
 Cast: Shock             |     4 |    11 |    53 |    80 ||   148
       Repel Missiles    |       |       |     1 |       ||     1
       Lightning Bolt    |       |       |       |    23 ||    23
Invok: Channel Energy    |       |       |     9 |    52 ||    61
Evoke: Wand              |       |       |       |     4 ||     4
  Use: Potion            |     3 |     3 |       |     1 ||     7
       Scroll            |       |       |     3 |     1 ||     4
  Eat: Chunk             |       |       |     2 |     9 ||    11
       Bread ration      |       |       |       |     1 ||     1
Armor: Robe              |     3 |     4 |     3 |       ||    10
       Chain mail        |       |       |    20 |    90 ||   110
Dodge: Dodged            |     5 |    27 |    23 |    48 ||   103
       Deflected         |       |       |       |     1 ||     1
